[Event "9th RTU Rapid 2019"]
[Site "Riga"]
[Date "2019.08.04"]
[Round "2.18"]
[White "Kiik, Kalle"]
[Black "Gagare, Shalmali"]
[Result "0-1"]
[WhiteElo "2308"]
[BlackElo "1984"]
[PlyCount "78"]
[EventDate "2019.08.05"]
[EventType "swiss"]
[EventCountry "LAT"]
[TimeControl "5400+30"]
[WhiteClock "0:00:25"]
[BlackClock "0:02:38"]

1. Nf3 d5 2. e3 Nf6 3. b3 e6 4. Bb2 c6 5. c4 Nbd7 6. d3 Be7 7. Nbd2 O-O 8. Be2 a5 9. a3 Re8 10. O-O Bd6 11. h3 e5 12. cxd5 Nxd5 13. Ne4 Bc7 14. Rc1 Qe7 15. Qc2 f5 16. Nc3 Nxc3 17. Qxc3 e4 18. Nd2 Nf6 19. Rfe1 Be6 20. Bf1 Rad8 21. dxe4 fxe4 22. Nc4 Nd5 23. Qc2 Qg5 24. g3 Bf5 25. Bg2 Re6 26. b4 axb4 27. axb4 Nxb4 28. Qb3 Nd3 29. Qxb7 Nxe1 30. Rxe1 Qe7 31. Ba3 Qf7 32. Rc1 Rh6 33. h4 Be6 34. Qb4 Rb8 35. Qc5 Rf6 36. Nd6 Bxd6 37. Qxd6 Rc8 38. Rc2 Bb3 39. Rd2 Rxd6 0-1

[Event "9th RTU Rapid 2019"]
[Site "Riga"]
[Date "2019.08.04"]
[Round "2.19"]
[White "Daudzvardis, Janis"]
[Black "Lavendelis, Egons"]
[Result "0-1"]
[WhiteElo "2037"]
[BlackElo "2292"]
[PlyCount "66"]
[EventDate "2019.08.05"]
[EventType "swiss"]
[EventCountry "LAT"]
[TimeControl "5400+30"]
[WhiteClock "0:02:23"]
[BlackClock "0:03:36"]

1. f4 d5 2. Nf3 g6 3. g3 Bg7 4. Bg2 c5 5. O-O Nc6 6. d3 f5 7. c3 Nf6 8. Ng5 h6 9. Nh3 O-O 10. Nf2 e5 11. e4 fxe4 12. dxe4 d4 13. fxe5 Nd7 14. e6 Nde5 15. cxd4 Nxd4 16. Bf4 Nxe6 17. Bxe5 Bxe5 18. Qxd8 Rxd8 19. Nc3 b6 20. Ng4 Bd4+ 21. Kh1 Kg7 22. Rae1 Ba6 23. Rf3 Rf8 24. Ne3 Rxf3 25. Bxf3 Rf8 26. Kg2 Ng5 27. Bd1 Bxc3 28. bxc3 Nxe4 29. c4 Nd2 30. Bb3 Bb7+ 31. Nd5 b5 32. Rd1 bxc4 33. Rxd2 cxb3 0-1

[Event "9th RTU Rapid 2019"]
[Site "Riga"]
[Date "2019.08.04"]
[Round "2.20"]
[White "Grinev, Valeriy"]
[Black "Kurpnieks, Vairis"]
[Result "1-0"]
[WhiteElo "2287"]
[BlackElo "1983"]
[PlyCount "65"]
[EventDate "2019.08.05"]
[EventType "swiss"]
[EventCountry "LAT"]
[TimeControl "5400+30"]
[WhiteClock "0:06:31"]
[BlackClock "0:07:26"]

1. d4 d5 2. c4 dxc4 3. e3 Nf6 4. Bxc4 e6 5. Nf3 a6 6. O-O b5 7. Be2 Bb7 8. a4 b4 9. b3 c5 10. Bb2 Nc6 11. Nbd2 Na5 12. Rc1 Rc8 13. Nc4 Ne4 14. Nxa5 Qxa5 15. Nd2 Nc3 16. Nc4 Nxe2+ 17. Qxe2 Qd8 18. Rfd1 Qd5 19. f3 Be7 20. dxc5 Qxc5 21. Nd6+ Bxd6 22. Rxc5 Bxc5 23. Bxg7 Rg8 24. Bd4 Bd6 25. e4 Rc6 26. Qd2 a5 27. Bf2 e5 28. Qd5 Rg6 29. Qb5 Ba8 30. Qxa5 Rc8 31. Qa6 Rd8 32. Qb5+ Kf8 33. Rxd6 1-0

[Event "9th RTU Rapid 2019"]
[Site "Riga"]
[Date "2019.08.04"]
[Round "2.21"]
[White "Walkusz, Witoslaw"]
[Black "Dubrovin, Robert"]
[Result "0-1"]
[WhiteElo "2138"]
[BlackElo "2282"]
[PlyCount "74"]
[EventDate "2019.08.05"]
[EventType "swiss"]
[EventCountry "LAT"]
[TimeControl "5400+30"]
[WhiteClock "0:00:55"]
[BlackClock "0:00:11"]

1. e4 e6 2. d4 d5 3. Nc3 Bb4 4. a3 Bxc3+ 5. bxc3 dxe4 6. Qg4 Nf6 7. Qxg7 Rg8 8. Qh6 Rg6 9. Qd2 b6 10. a4 Bb7 11. a5 bxa5 12. Rxa5 Nbd7 13. c4 c5 14. Rb5 Bc6 15. Rb3 Rb8 16. Ne2 Rxb3 17. cxb3 Qb6 18. Qc3 cxd4 19. Nxd4 Nc5 20. Be3 Ng4 21. Nxc6 Qxc6 22. g3 Nxe3 23. fxe3 Qb6 24. b4 Na6 25. b5 Nc5 26. Be2 Nd3+ 27. Kd2 e5 28. Bxd3 exd3 29. Qxe5+ Re6 30. Qd4 Qa5+ 31. Qc3 Qa2+ 32. Kxd3 Rd6+ 33. Ke4 Qg2+ 34. Kf4 Qxh1 35. c5 Qf1+ 36. Ke4 Re6+ 37. Kd5 Qxb5 0-1

[Event "9th RTU Rapid 2019"]
[Site "Riga"]
[Date "2019.08.04"]
[Round "2.22"]
[White "Melderis, Uldis"]
[Black "Evchin, Maxim"]
[Result "0-1"]
[WhiteElo "1897"]
[BlackElo "2269"]
[PlyCount "62"]
[EventDate "2019.08.05"]
[EventType "swiss"]
[EventCountry "LAT"]
[TimeControl "5400+30"]
[WhiteClock "0:09:48"]
[BlackClock "0:09:43"]

1. b4 g6 2. Bb2 Nf6 3. e3 Bg7 4. Nf3 O-O 5. Be2 d6 6. O-O e5 7. d3 Re8 8. Nbd2 Nd5 9. b5 Nb6 10. Rb1 a6 11. bxa6 Nxa6 12. a3 Nc5 13. c4 Bf5 14. e4 Bd7 15. Qc2 Ne6 16. Rfe1 Na4 17. Bc3 Nxc3 18. Qxc3 b6 19. Nf1 Nd4 20. Nxd4 exd4 21. Qb2 Ra5 22. Nd2 Qa8 23. Ra1 Qa7 24. h3 Ra8 25. Nb1 b5 26. cxb5 Rxb5 27. Qd2 Rab8 28. Qc1 Qa5 29. Nd2 Bh6 30. Nc4 Bxc1 31. Nxa5 Bd2 0-1

[Event "9th RTU Rapid 2019"]
[Site "Riga"]
[Date "2019.08.04"]
[Round "2.23"]
[White "Reizniece-Ozola, Dana"]
[Black "Efremov, Vladislav"]
[Result "1-0"]
[WhiteElo "2261"]
[BlackElo "1956"]
[PlyCount "89"]
[EventDate "2019.08.05"]
[EventType "swiss"]
[EventCountry "LAT"]
[TimeControl "5400+30"]
[WhiteClock "0:00:13"]
[BlackClock "0:01:52"]

1. c4 e6 2. Nf3 d5 3. b3 Nf6 4. Bb2 Be7 5. e3 c6 6. Qc2 Nbd7 7. Nc3 b6 8. cxd5 exd5 9. Nd4 Bb7 10. Nf5 O-O 11. Be2 Re8 12. Nxe7+ Qxe7 13. O-O c5 14. f4 d4 15. Nd1 dxe3 16. Nxe3 Nd5 17. Rf3 N7f6 18. Qf5 Qe6 19. Qg5 h6 20. Qg3 Nxe3 21. Rxe3 Qd6 22. Be5 Qd8 23. Rd1 g6 24. Bc4 Bd5 25. Bxf6 Qxf6 26. Bxd5 Rad8 27. Bc4 Kg7 28. Rde1 Qd4 29. Qf2 Rxe3 30. Qxe3 Qxd2 31. Qxd2 Rxd2 32. Re7 Rxa2 33. Rxf7+ Kh8 34. Rb7 h5 35. h4 Ra1+ 36. Kh2 Ra2 37. Kg3 Ra1 38. Kf3 Ra2 39. g3 Ra3 40. Ke4 Ra2 41. Ke5 Rg2 42. Rxa7 Rxg3 43. Kf6 Rg4 44. Be6 Rxf4+ 45. Kxg6 1-0

[Event "9th RTU Rapid 2019"]
[Site "Riga"]
[Date "2019.08.04"]
[Round "2.24"]
[White "Bagatais, Janis"]
[Black "Kretainis, Kristaps"]
[Result "0-1"]
[WhiteElo "1946"]
[BlackElo "2252"]
[PlyCount "96"]
[EventDate "2019.08.05"]
[EventType "swiss"]
[EventCountry "LAT"]
[TimeControl "5400+30"]
[WhiteClock "0:14:13"]
[BlackClock "0:00:19"]

1. e4 b6 2. d4 Bb7 3. Nc3 e6 4. a3 Nf6 5. Bd3 d5 6. e5 Ne4 7. Nf3 c5 8. Be3 Nxc3 9. bxc3 c4 10. Be2 Be7 11. O-O Nc6 12. Qd2 h6 13. Ne1 Qd7 14. f4 O-O-O 15. Bg4 f5 16. exf6 gxf6 17. Nf3 h5 18. Bh3 f5 19. Bf2 h4 20. Qe1 Rdg8 21. Kh1 Bd6 22. Ne5 Bxe5 23. dxe5 d4 24. cxd4 Nxd4 25. Bxd4 Qxd4 26. Rd1 Qc5 27. Rd6 Bd5 28. Qd2 Rd8 29. Rxd8+ Rxd8 30. Qc3 Be4 31. a4 Qd4 32. Qxd4 Rxd4 33. Kg1 Bxc2 34. a5 bxa5 35. g4 hxg3 36. hxg3 Rd1 37. g4 Rxf1+ 38. Kxf1 fxg4 39. Bxg4 Kd7 40. Ke2 a4 41. Kd2 Bd3 42. Kc3 a3 43. Bd1 Ke7 44. Ba4 Kf7 45. Bd7 a5 46. Bc8 Bb1 47. Ba6 a2 48. Kb2 c3+ 0-1

[Event "9th RTU Rapid 2019"]
[Site "Riga"]
[Date "2019.08.04"]
[Round "2.25"]
[White "Cimina, Andra"]
[Black "Wedda, Dries"]
[Result "0-1"]
[WhiteElo "1951"]
[BlackElo "2234"]
[PlyCount "76"]
[EventDate "2019.08.05"]
[EventType "swiss"]
[EventCountry "LAT"]
[TimeControl "5400+30"]
[WhiteClock "0:02:11"]
[BlackClock "0:01:34"]

1. d4 Nf6 2. c4 e6 3. Nc3 Bb4 4. Qc2 d5 5. e3 O-O 6. a3 Bxc3+ 7. Qxc3 b6 8. f3 Bb7 9. Nh3 Nbd7 10. Bd3 c5 11. O-O Rc8 12. cxd5 exd5 13. Bf5 g6 14. Bxd7 Nxd7 15. Nf4 Re8 16. b3 c4 17. Bb2 Qf6 18. Rac1 Nf8 19. Rfe1 Rc7 20. bxc4 Rxc4 21. Qb3 Rec8 22. Rxc4 Rxc4 23. Rc1 Ne6 24. Rxc4 dxc4 25. Qxc4 Nxf4 26. exf4 Qxf4 27. Bc1 Qh4 28. Bd2 Qe7 29. Qd3 Bd5 30. Bb4 Qe6 31. Kf2 a5 32. Bd2 Qd6 33. g3 h5 34. Bf4 Qe6 35. Qe3 Qc8 36. Qc1 Qh3 37. Qg1 Qf5 38. Qc1 g5 0-1

[Event "9th RTU Rapid 2019"]
[Site "Riga"]
[Date "2019.08.04"]
[Round "2.26"]
[White "Vedrickas, Tautvydas"]
[Black "Krums, Ilmars"]
[Result "1-0"]
[WhiteElo "2231"]
[BlackElo "1971"]
[PlyCount "65"]
[EventDate "2019.08.05"]
[EventType "swiss"]
[EventCountry "LAT"]
[TimeControl "5400+30"]
[WhiteClock "0:06:24"]
[BlackClock "0:03:00"]

1. d4 Nf6 2. c4 e6 3. Nc3 Bb4 4. Qc2 Bxc3+ 5. bxc3 b6 6. e4 d6 7. Bd3 Bb7 8. Ne2 Nbd7 9. O-O e5 10. f4 Qe7 11. Ng3 h6 12. a4 a5 13. c5 bxc5 14. fxe5 dxe5 15. Rb1 Ba6 16. Bxa6 Rxa6 17. Nf5 Qf8 18. dxe5 g6 19. Ne3 Nh7 20. Nd5 Rc6 21. e6 Nb6 22. Rxf7 Qd6 23. Re7+ Qxe7 24. Nxe7 Kxe7 25. Bxh6 Rd8 26. Qf2 Kxe6 27. Rf1 Rd7 28. Qh4 Rf7 29. Rxf7 Kxf7 30. Qd8 Nf6 31. e5 Ng4 32. Bf4 Ke6 33. h3 1-0

[Event "9th RTU Rapid 2019"]
[Site "Riga"]
[Date "2019.08.04"]
[Round "2.27"]
[White "Mohite, Ranveer"]
[Black "Chibukhchyan, Erik"]
[Result "1/2-1/2"]
[WhiteElo "1935"]
[BlackElo "2231"]
[PlyCount "191"]
[EventDate "2019.08.05"]
[EventType "swiss"]
[EventCountry "LAT"]
[TimeControl "5400+30"]
[WhiteClock "0:00:53"]
[BlackClock "0:03:36"]

1. e4 e5 2. Nf3 Nc6 3. Bb5 a6 4. Ba4 Nf6 5. O-O Be7 6. d3 b5 7. Bb3 d6 8. a3 O-O 9. Nc3 Na5 10. Ba2 c5 11. b4 cxb4 12. axb4 Nc6 13. Nd5 Bg4 14. h3 Bxf3 15. Qxf3 Nd4 16. Qd1 Rc8 17. c3 Nxd5 18. Bxd5 Rxc3 19. Bb2 Rc7 20. f4 Nc2 21. Qd2 Nxa1 22. Bxa1 Bf6 23. fxe5 dxe5 24. Kh2 Rd7 25. Qa2 Rxd5 26. exd5 Qd6 27. Kh1 Rd8 28. Rc1 Qxd5 29. Qxd5 Rxd5 30. Bxe5 Rxd3 31. Bxf6 gxf6 32. Rc6 Kg7 33. Rxa6 Rd4 34. Rb6 Rxb4 35. Kh2 Rb3 36. Kg1 h5 37. Kf2 Kg6 38. Rc6 Rb2+ 39. Kf3 b4 40. Rc5 Rb3+ 41. Kf2 Rc3 42. Rb5 b3 43. h4 Rc2+ 44. Kf3 b2 45. g3 Rc3+ 46. Kf4 Rc4+ 47. Kf3 Rc2 48. Kf4 Kg7 49. Rb8 Rc4+ 50. Kf3 Rc2 51. Kf4 Kg6 52. Rb5 Rc4+ 53. Kf3 Rc3+ 54. Kf4 Rc2 55. Kf3 f5 56. Rb6+ f6 57. Rb7 Rc3+ 58. Kf4 Rc4+ 59. Kf3 Rc2 60. Kf4 Rf2+ 61. Ke3 Rg2 62. Kf3 Rd2 63. Kf4 Rg2 64. Kf3 Rc2 65. Kf4 Rc4+ 66. Kf3 f4 67. gxf4 Rc2 68. Ke4 Re2+ 69. Kf3 Rh2 70. Ke4 Rxh4 71. Rxb2 Rg4 72. Rb8 Rh4 73. Rg8+ Kf7 74. Rb8 Rh1 75. Kf5 Rf1 76. Rb7+ Kf8 77. Rh7 Kg8 78. Rxh5 Kg7 79. Rh2 Ra1 80. Rd2 Ra5+ 81. Ke6 Ra6+ 82. Rd6 Rxd6+ 83. Kxd6 f5 84. Ke5 Kg8 85. Ke6 Kg7 86. Ke7 Kg8 87. Kf6 Kf8 88. Kxf5 Kf7 89. Ke5 Ke7 90. f5 Kf7 91. f6 Kf8 92. Ke4 Kf7 93. Kf5 Kf8 94. Kg6 Kg8 95. f7+ Kf8 96. Kf6 1/2-1/2

[Event "9th RTU Rapid 2019"]
[Site "Riga"]
[Date "2019.08.04"]
[Round "2.29"]
[White "Isakovs, Janis"]
[Black "Bracker, Arne"]
[Result "0-1"]
[WhiteElo "1923"]
[BlackElo "2227"]
[PlyCount "44"]
[EventDate "2019.08.05"]
[EventType "swiss"]
[EventCountry "LAT"]
[TimeControl "5400+30"]
[WhiteClock "0:01:40"]
[BlackClock "0:00:08"]

1. Nf3 d5 2. c4 e6 3. e3 Nf6 4. d4 b6 5. Nc3 Bb7 6. Be2 Bd6 7. O-O O-O 8. a3 Nbd7 9. b4 dxc4 10. Bxc4 a6 11. Bb2 e5 12. d5 e4 13. Nd2 Re8 14. Nb3 Qe7 15. g3 Qe5 16. Rb1 Qg5 17. h4 Qg6 18. Be2 Bxg3 19. fxg3 Qxg3+ 20. Kh1 Qxh4+ 21. Kg2 Re5 22. Rf4 Rg5+ 0-1

[Event "9th RTU Rapid 2019"]
[Site "Riga"]
[Date "2019.08.04"]
[Round "2.30"]
[White "Damen, Jip"]
[Black "Feldmanis, Arturs"]
[Result "1-0"]
[WhiteElo "2179"]
[BlackElo "1875"]
[PlyCount "101"]
[EventDate "2019.08.05"]
[EventType "swiss"]
[EventCountry "LAT"]
[TimeControl "5400+30"]
[WhiteClock "0:01:59"]
[BlackClock "0:05:39"]

1. e4 c5 2. Nf3 Nc6 3. Nc3 d6 4. d4 cxd4 5. Nxd4 e5 6. Nb3 Be6 7. Be2 Be7 8. Nd5 Nf6 9. Nxe7 Qxe7 10. Bf3 h6 11. O-O O-O 12. Be3 Rfd8 13. Qe2 Rac8 14. Rfd1 Nb4 15. Rd2 Bc4 16. Qd1 b6 17. c3 Na6 18. Nc1 Nc5 19. Qc2 Bb5 20. a4 Bc6 21. Bxc5 dxc5 22. Rxd8+ Rxd8 23. Ne2 Qd7 24. Ng3 Qd2 25. Qb3 Qf4 26. a5 Bxe4 27. Nxe4 Nxe4 28. Bxe4 Qxe4 29. axb6 axb6 30. Qxb6 Qd5 31. h3 Qd6 32. Qxd6 Rxd6 33. Ra8+ Kh7 34. Rc8 Rd5 35. Kf1 Kg6 36. Ke2 f5 37. c4 Rd6 38. Rxc5 Kf6 39. b4 Ra6 40. Ra5 Rc6 41. c5 Ke6 42. Kd3 Kd5 43. Ra8 e4+ 44. Kc3 f4 45. Rd8+ Ke5 46. Kc4 Rg6 47. Re8+ Kf5 48. b5 Rxg2 49. b6 Rxf2 50. b7 Rb2 51. b8=Q 1-0

[Event "9th RTU Rapid 2019"]
[Site "Riga"]
[Date "2019.08.04"]
[Round "2.31"]
[White "Germanovs, Georgijs"]
[Black "Low, Zhen Yu Cyrus"]
[Result "0-1"]
[WhiteElo "1911"]
[BlackElo "2169"]
[PlyCount "118"]
[EventDate "2019.08.05"]
[EventType "swiss"]
[EventCountry "LAT"]
[TimeControl "5400+30"]
[WhiteClock "0:11:50"]
[BlackClock "0:02:42"]

1. e4 c5 2. d4 cxd4 3. c3 dxc3 4. Nxc3 Nc6 5. Nf3 a6 6. Bc4 e6 7. Bf4 Nge7 8. Bd6 Ng6 9. Bxf8 Nxf8 10. Qd6 Qe7 11. Qc7 d6 12. Qxe7+ Kxe7 13. O-O-O Ng6 14. Rd2 b5 15. Bb3 Bb7 16. Rhd1 Rhd8 17. Kb1 h6 18. Ne2 Rac8 19. Ng3 Nf4 20. a4 Na5 21. Bc2 Nc4 22. Rd4 Nxg2 23. Ne2 Ne5 24. Nxe5 dxe5 25. Rxd8 Rxd8 26. Rg1 Nf4 27. Nxf4 exf4 28. Rxg7 Rd2 29. e5 Rxf2 30. Bg6 Ke8 31. Rg8+ Kd7 32. Rg7 Bd5 33. Rxf7+ Kc6 34. a5 f3 35. b4 Rg2 36. Bd3 Rg4 37. Ra7 Rxb4+ 38. Kc1 f2 39. Rxa6+ Kb7 40. Rb6+ Kc7 41. Ra6 Bc4 42. Ra7+ Kb8 43. Rf7 Bxd3 44. Rxf2 Rb1+ 45. Kd2 Rb2+ 46. Ke3 Rxf2 47. Kxf2 b4 48. Ke3 Bf5 49. Kd4 b3 50. Kc3 Bc2 51. h3 Ka7 52. h4 Ka6 53. h5 Kxa5 54. Kb2 Kb4 55. Ka1 Kc4 56. Kb2 Kd5 57. Kc3 Kxe5 58. Kb4 b2 59. Ka3 b1=R 0-1

[Event "9th RTU Rapid 2019"]
[Site "Riga"]
[Date "2019.08.04"]
[Round "2.32"]
[White "Alvarado Ascanio, Francisco"]
[Black "Korolev, Alexandr"]
[Result "1-0"]
[WhiteElo "2166"]
[BlackElo "2102"]
[PlyCount "73"]
[EventDate "2019.08.05"]
[EventType "swiss"]
[EventCountry "LAT"]
[TimeControl "5400+30"]
[WhiteClock "0:07:01"]
[BlackClock "0:03:56"]

1. d4 d6 2. e4 Nf6 3. Nc3 e5 4. Nge2 Nbd7 5. g3 Be7 6. Bg2 O-O 7. O-O c6 8. h3 Qc7 9. a4 a5 10. b3 b6 11. Ba3 Re8 12. Qd2 Ba6 13. Rfe1 Rad8 14. Rad1 exd4 15. Nxd4 Nc5 16. Bb2 Bf8 17. Nxc6 Qxc6 18. e5 d5 19. exf6 Rxe1+ 20. Qxe1 Qxf6 21. Rxd5 Rxd5 22. Bxd5 Ne6 23. Nd1 Qf5 24. Qe4 Qxh3 25. Ne3 h5 26. c4 Bc8 27. Nf5 Ng5 28. Nh6+ Kh8 29. Nxf7+ Nxf7 30. Bxf7 Qf5 31. Qe8 Qb1+ 32. Kh2 Qxb2 33. Qxf8+ Kh7 34. Qg8+ Kh6 35. Qh8+ Kg5 36. Qxh5+ Kf6 37. Qf3+ 1-0

[Event "9th RTU Rapid 2019"]
[Site "Riga"]
[Date "2019.08.04"]
[Round "2.33"]
[White "Ivbulis, Martins"]
[Black "Ciolek, Andreas"]
[Result "1/2-1/2"]
[WhiteElo "1768"]
[BlackElo "2158"]
[PlyCount "109"]
[EventDate "2019.08.05"]
[EventType "swiss"]
[EventCountry "LAT"]
[TimeControl "5400+30"]
[WhiteClock "0:00:14"]
[BlackClock "0:00:12"]

1. d4 Nf6 2. Nc3 d5 3. Bf4 g6 4. e3 Bg7 5. h4 h5 6. Nf3 O-O 7. Be2 c5 8. Ne5 Nc6 9. f3 cxd4 10. exd4 Qb6 11. Nxc6 Qxc6 12. Qd2 a6 13. O-O-O b5 14. Rde1 b4 15. Nd1 a5 16. Kb1 Bf5 17. Bd3 Bxd3 18. Qxd3 a4 19. Rxe7 Rfc8 20. c3 a3 21. cxb4 axb2 22. Nxb2 Bf8 23. Rc1 Qb6 24. Rec7 Rxc7 25. Bxc7 Qxb4 26. Be5 Nd7 27. Qb3 Qd2 28. Qxd5 Nb6 29. Qb3 Qa5 30. Bc7 Ra6 31. Nc4 Qf5+ 32. Ka1 Nd5 33. Ne3 Nxe3 34. Qxe3 Qd5 35. Qf2 Ra4 36. Be5 Qb7 37. Rc7 Qb3 38. Qc2 Qb4 39. Rc8 Qe1+ 40. Qc1 Qa5 41. Rxf8+ Kxf8 42. Qc8+ Ke7 43. Qb7+ Ke8 44. Qc6+ Kf8 45. Qd6+ Ke8 46. Qb8+ Qd8 47. Qb5+ Qd7 48. Qb8+ Ke7 49. Qb3 Ra7 50. Qb4+ Ke8 51. Qb8+ Ke7 52. Qb4+ Ke6 53. Qb6+ Ke7 54. Qb4+ Kd8 55. Qb8+ 1/2-1/2

[Event "9th RTU Rapid 2019"]
[Site "Riga"]
[Date "2019.08.04"]
[Round "3.1"]
[White "Kretainis, Kristaps"]
[Black "Svane, Rasmus"]
[Result "0-1"]
[WhiteElo "2252"]
[BlackElo "2612"]
[PlyCount "48"]
[EventDate "2019.08.05"]
[EventType "swiss"]
[EventCountry "LAT"]
[TimeControl "5400+30"]
[WhiteClock "0:06:51"]
[BlackClock "0:12:25"]

1. e4 c6 2. d4 d5 3. Nd2 dxe4 4. Nxe4 Nf6 5. Nxf6+ exf6 6. c3 Bd6 7. Bd3 O-O 8. Qc2 Re8+ 9. Ne2 h5 10. h3 h4 11. Bd2 Be6 12. c4 Nd7 13. Bc3 Rc8 14. Qd2 a6 15. O-O-O b5 16. c5 Bc7 17. Nf4 Bxa2 18. Bf5 a5 19. d5 Nxc5 20. Bc2 b4 21. Bd4 Ne4 22. Bxe4 Rxe4 23. d6 Qxd6 24. Nh5 Qd5 0-1

[Event "9th RTU Rapid 2019"]
[Site "Riga"]
[Date "2019.08.04"]
[Round "3.2"]
[White "Pultinevicius, Paulius"]
[Black "Reizniece-Ozola, Dana"]
[Result "1-0"]
[WhiteElo "2501"]
[BlackElo "2261"]
[PlyCount "63"]
[EventDate "2019.08.05"]
[EventType "swiss"]
[EventCountry "LAT"]
[TimeControl "5400+30"]
[WhiteClock "0:03:22"]
[BlackClock "0:06:52"]

1. d4 Nf6 2. c4 g6 3. Nc3 Bg7 4. e4 d6 5. h3 O-O 6. Nf3 c5 7. d5 b5 8. cxb5 a6 9. a4 e6 10. Be3 exd5 11. exd5 Re8 12. Bd3 Bb7 13. O-O Nbd7 14. Qb3 Nb6 15. bxa6 Bxa6 16. Bxa6 Rxa6 17. Nd2 Qa8 18. Nc4 Nbxd5 19. Nb5 Nxe3 20. Nxe3 Qb8 21. Rfd1 Re4 22. Qc2 Rb4 23. Ra3 Ne4 24. Nd5 Rxb2 25. Qxe4 Rxb5 26. Nc7 Rbb6 27. Nxa6 Rxa6 28. a5 Bd4 29. Rb1 Qd8 30. Qb7 Rxa5 31. Qb8 Bf6 32. Rxa5 1-0

[Event "9th RTU Rapid 2019"]
[Site "Riga"]
[Date "2019.08.04"]
[Round "3.3"]
[White "Wagner, Dennis"]
[Black "Wedda, Dries"]
[Result "1-0"]
[WhiteElo "2473"]
[BlackElo "2234"]
[PlyCount "57"]
[EventDate "2019.08.05"]
[EventType "swiss"]
[EventCountry "LAT"]
[TimeControl "5400+30"]
[WhiteClock "0:00:38"]
[BlackClock "0:01:51"]

1. d4 Nf6 2. c4 e6 3. Nc3 Bb4 4. e3 O-O 5. Bd2 d5 6. Nf3 c5 7. a3 cxd4 8. axb4 dxc3 9. Bxc3 Ne4 10. Qc2 Nxc3 11. Qxc3 dxc4 12. Bxc4 b6 13. O-O Bb7 14. Rfd1 Qe7 15. Be2 Nc6 16. b5 Nb4 17. Rd4 Nd5 18. Qd2 Nf6 19. Ne5 Qc5 20. Nc6 Qg5 21. h4 Qh6 22. Bf3 Kh8 23. Qb4 Nd5 24. Qd6 Bxc6 25. bxc6 Rac8 26. Rxa7 b5 27. c7 Nxe3 28. Qxf8+ Rxf8 29. Rd8 1-0

[Event "9th RTU Rapid 2019"]
[Site "Riga"]
[Date "2019.08.04"]
[Round "3.4"]
[White "Bracker, Arne"]
[Black "Kantans, Toms"]
[Result "0-1"]
[WhiteElo "2227"]
[BlackElo "2471"]
[PlyCount "32"]
[EventDate "2019.08.05"]
[EventType "swiss"]
[EventCountry "LAT"]
[TimeControl "5400+30"]
[WhiteClock "0:08:45"]
[BlackClock "0:01:56"]

1. e4 c5 2. Nf3 Nf6 3. e5 Nd5 4. Nc3 e6 5. Nxd5 exd5 6. d4 Nc6 7. dxc5 Bxc5 8. Qxd5 Qb6 9. Bc4 Bxf2+ 10. Ke2 O-O 11. Ng5 d6 12. Qe4 Bf5 13. Qf4 Bc5 14. Nxf7 Nd4+ 15. Kd1 Bxc2+ 16. Ke1 Qb4+ 0-1

[Event "9th RTU Rapid 2019"]
[Site "Riga"]
[Date "2019.08.04"]
[Round "3.5"]
[White "Vishnu Prasanna. V"]
[Black "Vedrickas, Tautvydas"]
[Result "1-0"]
[WhiteElo "2465"]
[BlackElo "2231"]
[PlyCount "56"]
[EventDate "2019.08.05"]
[EventType "swiss"]
[EventCountry "LAT"]
[TimeControl "5400+30"]
[WhiteClock "0:15:05"]
[BlackClock "0:03:40"]

1. d4 g6 2. e4 Bg7 3. Nf3 d6 4. Bc4 e6 5. O-O a6 6. Qe2 h6 7. Bb3 Ne7 8. c4 O-O 9. Nc3 Nd7 10. Bc2 e5 11. dxe5 dxe5 12. Be3 f5 13. Rad1 Qe8 14. exf5 gxf5 15. Bc1 e4 16. Nd4 Ne5 17. Nd5 Nxd5 18. cxd5 Qg6 19. Bf4 Kh8 20. Kh1 Bd7 21. f3 exf3 22. gxf3 Rae8 23. Rg1 Qf6 24. Rxg7 Qxg7 25. Ne6 Ng6 26. Bd2 Qxb2 27. Qd3 Kh7 28. Qe3 Bxe6 1-0

[Event "9th RTU Rapid 2019"]
[Site "Riga"]
[Date "2019.08.04"]
[Round "3.6"]
[White "Low, Zhen Yu Cyrus"]
[Black "Krivonosov, Oleg"]
[Result "1/2-1/2"]
[WhiteElo "2169"]
[BlackElo "2445"]
[PlyCount "79"]
[EventDate "2019.08.05"]
[EventType "swiss"]
[EventCountry "LAT"]
[TimeControl "5400+30"]
[WhiteClock "0:08:40"]
[BlackClock "0:06:12"]

1. e4 e5 2. Nf3 Nc6 3. Bc4 Bc5 4. O-O d6 5. c3 Nf6 6. d3 h6 7. Nbd2 O-O 8. h3 a6 9. Bb3 Re8 10. Re1 Be6 11. Bc2 d5 12. exd5 Bxd5 13. Nf1 e4 14. dxe4 Bxe4 15. Bxe4 Qxd1 16. Rxd1 Nxe4 17. Be3 Rad8 18. Bxc5 Nxc5 19. Ne3 Na4 20. Rab1 Rxd1+ 21. Rxd1 Rd8 22. Rxd8+ Nxd8 23. Nd1 Kf8 24. Kf1 Ke7 25. Ke2 Nc6 26. Ke3 Nb6 27. Ke4 Nd7 28. Kd3 Nc5+ 29. Ke3 Ne6 30. b3 f5 31. Nb2 g5 32. Nd3 Kf6 33. g3 b6 34. Nd2 Ne7 35. c4 Nc6 36. Nb1 Ncd4 37. Nb4 a5 38. Nd5+ Ke5 39. f4+ gxf4+ 40. gxf4+ 1/2-1/2

[Event "9th RTU Rapid 2019"]
[Site "Riga"]
[Date "2019.08.04"]
[Round "3.7"]
[White "Saduakassova, Dinara"]
[Black "Damen, Jip"]
[Result "1-0"]
[WhiteElo "2437"]
[BlackElo "2179"]
[PlyCount "79"]
[EventDate "2019.08.05"]
[EventType "swiss"]
[EventCountry "LAT"]
[TimeControl "5400+30"]
[WhiteClock "0:01:00"]
[BlackClock "0:03:35"]

1. d4 d6 2. e4 Nf6 3. Nc3 g6 4. Be3 Bg7 5. h3 O-O 6. Qd2 e5 7. dxe5 dxe5 8. O-O-O Qe7 9. Nf3 c6 10. Qd6 Qxd6 11. Rxd6 Be6 12. Ng5 Bd7 13. Rd2 h6 14. Nf3 Re8 15. a3 b5 16. Bc5 Bf8 17. Bxf8 Kxf8 18. b3 a5 19. Bd3 Na6 20. Kb2 Nc5 21. b4 axb4 22. axb4 Na4+ 23. Nxa4 Rxa4 24. c3 Rea8 25. Rb1 Ra2+ 26. Kc1 R2a3 27. Rc2 Be6 28. Nxe5 Bb3 29. Rcb2 Ba2 30. Ra1 Rxc3+ 31. Rc2 Rca3 32. Rxc6 Be6 33. Rxa3 Rxa3 34. Nxg6+ Ke8 35. Nf4 Ra1+ 36. Kd2 Ra2+ 37. Ke3 Ke7 38. Bxb5 Rb2 39. Nxe6 Rxb4 40. Nd4 1-0

[Event "9th RTU Rapid 2019"]
[Site "Riga"]
[Date "2019.08.04"]
[Round "3.8"]
[White "Shailesh, Dravid"]
[Black "Omelja, Artem"]
[Result "1-0"]
[WhiteElo "2134"]
[BlackElo "2436"]
[PlyCount "113"]
[EventDate "2019.08.05"]
[EventType "swiss"]
[EventCountry "LAT"]
[TimeControl "5400+30"]
[WhiteClock "0:01:41"]
[BlackClock "0:05:03"]

1. e4 e6 2. d4 d5 3. Nd2 c5 4. Ngf3 Nc6 5. exd5 exd5 6. Bb5 cxd4 7. Nxd4 Bd7 8. N2f3 Bd6 9. O-O Nge7 10. c3 O-O 11. Bg5 Qc7 12. Be2 a6 13. Bh4 Nxd4 14. cxd4 Nf5 15. Bg5 Qb6 16. Bd3 h6 17. Bd2 Nxd4 18. Be3 Nxf3+ 19. Qxf3 Qxb2 20. g3 Bc6 21. Qf5 g6 22. Qg4 Qg7 23. Qh4 g5 24. Qg4 Be5 25. Rae1 Rae8 26. Bc5 Qf6 27. Bxf8 Kxf8 28. Re2 Bd4 29. Rxe8+ Bxe8 30. Kg2 Be5 31. Qc8 Qc6 32. Qf5 Qf6 33. Qc8 Qc6 34. Qg4 Qc3 35. Qf5 Bc6 36. f4 gxf4 37. gxf4 d4+ 38. Kh3 Bd7 39. Qxd7 Qxd3+ 40. Kg2 Qe4+ 41. Kg3 Bf6 42. Qc8+ Kg7 43. Qg4+ Kf8 44. Qf3 Qg6+ 45. Kh3 h5 46. Rf2 Qf5+ 47. Kg2 b5 48. Kh1 Qb1+ 49. Rf1 Qxa2 50. Qa8+ Ke7 51. Re1+ Kd6 52. Qf8+ Kc6 53. Rc1+ Kb6 54. Qd6+ Ka5 55. Qxf6 Qd5+ 56. Kg1 b4 57. Ra1+ 1-0

[Event "9th RTU Rapid 2019"]
[Site "Riga"]
[Date "2019.08.04"]
[Round "3.9"]
[White "Bulmaga, Irina"]
[Black "Alvarado Ascanio, Francisco"]
[Result "1-0"]
[WhiteElo "2434"]
[BlackElo "2166"]
[PlyCount "79"]
[EventDate "2019.08.05"]
[EventType "swiss"]
[EventCountry "LAT"]
[TimeControl "5400+30"]
[WhiteClock "0:00:12"]
[BlackClock "0:02:25"]

1. e4 e6 2. d4 d5 3. Nc3 h6 4. Bd3 Nc6 5. Nf3 Nb4 6. Be2 Nf6 7. e5 Ne4 8. a3 Nxc3 9. bxc3 Nc6 10. O-O Na5 11. Be3 Bd7 12. Nd2 Rc8 13. c4 dxc4 14. Nxc4 Nxc4 15. Bxc4 Bc6 16. Bb3 b5 17. c4 bxc4 18. Bxc4 Be7 19. Qc2 Qd7 20. Rfc1 Bb7 21. Rab1 c6 22. Rb3 O-O 23. Qe4 h5 24. Rcb1 Ba8 25. Ba6 Rcd8 26. Qc2 c5 27. dxc5 Bd5 28. Bc4 Bxc4 29. Qxc4 Qc7 30. f4 Rd5 31. c6 Rfd8 32. Rb7 Rd1+ 33. Rxd1 Rxd1+ 34. Kf2 Bh4+ 35. g3 Qa5 36. Qe2 Rh1 37. Rb8+ Bd8 38. Kg2 Qd5+ 39. Kh3 g6 40. c7 1-0